AoeStats
← TuCAAA :D

Arena

510095611Analyzed
1v1 RM · 4d ago on Sep 29, 2026· 47m 29s· 2 players
Game mode
Random Map
Map size
Tiny (2 player)
Population
200
Speed
Normal
Resources
Standard
Victory
Conquest
Starting age
Dark Age
Ending age
Imperial Age
RankedLock teamsTeams togetherTeam positionsShared explorationLock speedFull tech treeHidden civsTurbo modeCheats
Victory
Defeat
🇦🇷 Teutons · Argentina
1107
+17
🇦🇷 Teutons · Argentina
1134
-17
TuCAAA :D
10:00 Feudal Age
11:30 Loom
14:37 Castle Age
13:38 Double-Bit Axe
13:36 Horse Collar
16:04 Wheelbarrow
27:50 Imperial Age
26:30 Bloodlines
26:27 Scale Barding Armor
26:33 Forging
27:59 Bow Saw
28:16 Heavy Plow
33:33 Iron Casting
35:53 Scale Mail Armor
38:16 Chemistry
36:52 Cavalier
38:06 Conscription
39:08 Blast Furnace
41:42 Hand Cart
42:06 Chain Mail Armor
44:15 Plate Mail Armor
46:03 Chain Barding Armor
45:46 Fletching
rgr
10:10 Feudal Age
11:46 Double-Bit Axe
13:05 Forging
13:46 Loom
16:53 Castle Age
14:37 Horse Collar
17:21 Man-at-Arms
18:44 Bow Saw
18:34 Long Swordsman
20:08 Town Watch
25:12 Squires
27:16 Forging
27:08 Scale Mail Armor
30:37 Iron Casting
30:17 Chain Mail Armor
29:51 Gambesons
29:53 Arson
34:51 Imperial Age
33:00 Wheelbarrow
33:05 Gold Mining
33:09 Stone Mining
33:37 Masonry
35:37 Hand Cart
35:22 Town Patrol
35:07 Capped Ram
35:30 Two-Handed Swordsman
36:43 Plate Mail Armor
36:49 Heavy Plow
39:45 Blast Furnace
40:15 Crop Rotation
41:33 Chemistry
41:45 Two-Man Saw
40:22 Pikeman
42:07 Hand Cart
41:54 Town Patrol
41:29 Halberdier
42:37 Ballistics
Connection lost

Rejoining the realm…

Still unreachable

The connection could not be restored.

Session expired

The server has moved on; the page needs a fresh start.